Map: [ESL] Goldenaura

Players

Bly

  • Race: Zerg Zerg
  • Spawn Location: 5:00

Nicoract - Winner!

  • Race: Terran Terran
  • Spawn Location: 12:00

Event: ESL SC2 Masters 2024 Spring (Regional)

VOD

Have the link to the VOD?

Description

Time

  • Played on: April 19, 2024, 1:37 p.m.
  • Length: 27:36

All games in this series

Show
View Real Time Build Order
Export as new Build Order

Bly Zerg 

Build Orders: Hatch First 

Get SALT Encoding   

  12  0:02  Drone  
  13  0:12  Overlord  
  13  0:17  Drone  
  14  0:31  Drone x2  
  16  0:49  Hatchery  
  15  0:52  Drone  
  15  0:56  Drone  
  17  0:59  Drone  
  18  1:09  Extractor  
  17  1:14  Spawning Pool  
  17  1:17  Drone  
  17  1:20  Drone  
  18  1:28  Drone  
  19  1:38  Drone  
  20  1:50  Overlord  
  20  2:01  Queen  
  20  2:02  Zergling x4, Queen  
  26  2:10  Drone  
  26  2:11  Metabolic Boost, Drone  
  28  2:37  Queen  
  28  2:43  Overlord, Queen  
  30  2:44  Drone x3  
  33  2:56  Drone x2  
  35  3:05  Drone x2  
  37  3:07  Overlord  
  37  3:10  Drone  
  37  3:11  Drone x4  
  42  3:17  Overlord  
  42  3:27  Drone  
  42  3:28  Drone  
  42  3:32  Hatchery  
  43  3:37  Lair  
  43  3:40  Drone  
  44  3:47  Drone x3  
  44  3:48  Drone  
  48  3:53  Zergling x6  
  51  4:01  Drone x4  
  55  4:03  Extractor  
  55  4:04  Extractor  
  55  4:06  Extractor  
  51  4:15  Zergling x4  
  53  4:23  Zergling x6  
  58  4:27  Overlord  
  58  4:29  Overlord  
  49  4:49  Drone x7  
  54  4:54  Drone x3  
  54  4:55  Drone  
  54  4:58  Spire  
  55  5:01  Drone  
  55  5:03  Drone  
  57  5:08  Drone  
  57  5:12  Drone  
  59  5:14  Baneling Nest  
  58  5:25  Drone  
  58  5:26  Drone x5  
  58  5:27  Overlord  
  64  5:33  Zergling x8  
  64  5:34  Zergling x2  
  68  5:44  Zergling x10  
  73  5:55  Overlord  
  73  5:58  Baneling x5  
  73  6:01  Baneling x5  
  73  6:03  Zergling x12  
  73  6:04  Zergling x12, Extractor  
  85  6:05  Extractor  
  83  6:14  Mutalisk x3  
  86  6:33  Mutalisk  
  86  6:34  Mutalisk x4  
  96  6:42  Drone  
  96  6:43  Overlord  
  96  6:44  Overlord x4  
  96  6:46  Centrifugal Hooks  
  97  6:47  Hatchery  
  96  6:56  Overlord x2  
  96  7:00  Burrow  
  95  7:10  Baneling x6  
  95  7:13  Drone x9  
  103  7:31  Zergling x6  
  103  7:36  Mutalisk x5  
  108  7:39  Zerg Flyer Weapons Level 1  
  108  7:40  Drone x4  
  120  7:50  Drone  
  120  7:51  Drone x7  
  128  7:59  Overlord  
  128  8:01  Evolution Chamber x2  
  128  8:02  Baneling x6  
  124  8:13  Zergling x20  
  129  8:30  Hatchery  
  129  8:31  Mutalisk x5  
  138  8:40  Zergling x14  
  136  8:43  Zerg Ground Armor Level 1, Zerg Melee Weapons Level 1  
  129  8:57  Baneling x7  
  129  9:01  Zergling x24  
  139  9:12  Overlord  
  139  9:18  Drone x6  
  144  9:27  Baneling x8  
  144  9:31  Drone x12  
  144  9:35  Extractor  
  144  9:36  Overseer x2  
  144  9:37  Extractor  
  154  9:40  Baneling x17  
  154  9:47  Overlord  
  144  10:03  Zergling x2  
  144  10:04  Zergling x36  
  139  10:18  Mutalisk x7  
  153  10:23  Zergling x12  
  150  10:39  Mutalisk, Zergling x2  
  150  10:41  Zergling x14  
  144  10:44  Baneling x6  
  144  10:48  Zergling x8  
  134  10:52  Hatchery  
  133  10:58  Mutalisk  
  133  10:59  Zergling x16  
  133  11:00  Zerg Ground Armor Level 2  
  133  11:01  Zerg Melee Weapons Level 2  
  137  11:12  Zergling x10  
  137  11:16  Hatchery  
  137  11:18  Baneling x14  
  141  11:21  Zergling x6  
  141  11:22  Zergling x4  
  138  11:28  Drone x4  
  138  11:29  Drone  
  121  11:42  Zergling x14  
  125  11:53  Drone  
  125  11:54  Drone x6  
  132  12:02  Zerg Flyer Weapons Level 2, Pneumatized Carapace  
  132  12:06  Mutalisk x4  
  140  12:10  Baneling x4, Hatchery  
  140  12:11  Baneling x4  
  137  12:35  Mutalisk x5  
  137  12:36  Zergling x2  
  148  12:37  Zergling x24  
  148  12:43  Spore Crawler  
  158  12:48  Drone x2  
  154  13:01  Mutalisk x5  
  154  13:03  Zergling x18  
  167  13:12  Baneling x11  
  164  13:17  Zergling x2  
  164  13:18  Zergling x4  
  164  13:19  Zergling x10  
  166  13:27  Hatchery  
  164  13:35  Mutalisk  
  164  13:36  Mutalisk x3  
  172  13:49  Extractor, Drone x2  
  172  13:50  Extractor  
  172  13:51  Overlord x5  
  172  14:00  Hatchery  
  169  14:14  Infestation Pit  
  168  14:19  Zergling x18, Zerg Flyer Armor Level 1  
  168  14:20  Zergling x22  
  168  14:21  Queen  
  187  14:32  Mutalisk x4  
  157  15:08  Hive  
  149  15:14  Mutalisk x6  
  149  15:15  Mutalisk x2  
  163  15:28  Drone x2  
  163  15:29  Drone x14  
  163  15:34  Hatchery  
  175  15:43  Zergling x12  
  175  15:44  Baneling x7  
  175  15:45  Baneling x4  
  180  15:55  Zergling x12  
  182  16:03  Zergling x22  
  152  16:31  Zerg Ground Armor Level 3  
  152  16:32  Zerg Melee Weapons Level 3, Adrenal Glands  
  149  16:39  Zergling x42  
  164  16:46  Baneling x6  
  159  16:52  Drone x6  
  157  16:55  Extractor x2  
  154  17:03  Ultralisk Cavern, Infestor x2  
  157  17:09  Hatchery  
  153  17:30  Hatchery  
  128  17:52  Ultralisk  
  128  17:53  Zergling x44, Ultralisk x2  
  162  18:06  Drone  
  162  18:10  Zergling x2, Ultralisk  
  162  18:11  Zergling x4  
  162  18:12  Zergling x4  
  133  18:29  Zergling x24  
  143  18:58  Overseer  
  143  18:59  Anabolic Synthesis  
  143  19:01  Hatchery  
  142  19:05  Mutalisk x7  
  155  19:16  Hatchery  
  154  19:19  Baneling x3  
  154  19:21  Baneling  
  154  19:22  Baneling x4  
  140  19:41  Hatchery  
  140  19:44  Zergling x32  
  151  19:46  Baneling x5  
  114  20:10  Ultralisk, Infestor  
  114  20:11  Infestor  
  114  20:21  Baneling x3  
  114  20:22  Baneling x2  
  114  20:29  Hatchery  
  113  20:42  Drone x6  
  119  20:43  Extractor x2  
  119  20:44  Baneling x7  
  110  21:09  Ultralisk  
  110  21:10  Zergling x32  
  132  21:15  Baneling x7  
  128  21:24  Hatchery  
  122  21:34  Zergling x2  
  122  21:37  Zergling x4  
  125  21:45  Zergling x30  
  140  21:50  Overseer  
  139  22:03  Drone x3  
  139  22:20  Hatchery  
  137  22:32  Ultralisk  
  137  22:33  Overlord x2  
  137  22:35  Hatchery  
  142  22:45  Baneling x3  
  142  22:46  Ultralisk  
  146  23:07  Zergling x32  
  149  23:38  Drone x12  
  152  23:49  Drone x5  
  158  24:10  Zergling x4, Ultralisk x4  
  154  24:24  Zergling x2, Ultralisk  
  154  24:25  Zergling x12  
  154  24:28  Baneling x4  
  167  24:32  Extractor  
  154  25:01  Infestor  
  154  25:02  Infestor  
  154  25:03  Zergling x2  
  154  25:04  Zergling x24  
  154  25:05  Baneling x6  
  154  25:06  Hatchery  
  170  25:08  Overseer  
  169  25:20  Zergling x10  
  153  25:40  Ultralisk x2  
  153  25:41  Zergling x16  
  162  26:18  Hatchery  
  150  26:19  Zergling x2  
  150  26:20  Zergling x28  
  111  26:35  Ultralisk  
  111  26:36  Zergling x2  
  83  27:10  Hatchery  
Show
View Real Time Build Order
Export as new Build Order

Nicoract Terran - Winner!

Build Orders: Reaper Expand 

Get SALT Encoding   

  12  0:00  SCV  
  13  0:12  SCV  
  14  0:17  Supply Depot  
  14  0:24  SCV  
  15  0:38  SCV  
  15  0:40  Barracks  
  16  0:44  Refinery  
  16  0:50  SCV  
  17  1:02  SCV  
  18  1:14  SCV  
  19  1:27  Orbital Command, Reaper  
  20  1:40  Command Center  
  20  1:51  Supply Depot  
  20  1:53  SCV  
  21  1:58  Marine  
  22  2:05  SCV  
  23  2:10  Factory  
  23  2:17  SCV  
  23  2:20  Barracks Reactor  
  24  2:29  SCV  
  25  2:41  SCV  
  26  2:44  Command Center  
  26  2:52  Orbital Command  
  26  2:56  SCV  
  27  3:01  Barracks  
  27  3:08  SCV  
  27  3:10  Hellion  
  32  3:13  Hellion  
  32  3:14  Barracks Tech Lab  
  32  3:21  SCV, Refinery  
  32  3:23  SCV  
  34  3:33  SCV  
  35  3:35  SCV, Hellion  
  35  3:37  Hellion  
  35  3:39  Marine  
  41  3:42  Stimpack  
  41  3:46  SCV  
  41  3:47  SCV  
  43  3:57  Orbital Command  
  43  3:58  SCV  
  43  3:59  SCV  
  44  4:06  Marine x3  
  44  4:09  Factory Reactor  
  46  4:10  SCV  
  46  4:16  SCV, Starport  
  46  4:17  Supply Depot  
  48  4:22  SCV  
  48  4:24  SCV, Marine x3  
  50  4:28  SCV  
  54  4:38  SCV x2  
  56  4:40  SCV  
  56  4:42  Marine x3  
  53  4:50  SCV x2  
  53  4:52  SCV  
  53  4:54  Supply Depot  
  53  4:59  Medivac x2  
  57  5:00  Marine x3  
  57  5:02  Factory Reactor, Barracks  
  57  5:06  SCV x2  
  62  5:09  Supply Depot  
  62  5:10  Orbital Command  
  62  5:18  SCV x2, Refinery  
  62  5:19  Refinery  
  62  5:20  Marine x3  
  67  5:22  Combat Shield  
  67  5:30  Engineering Bay  
  67  5:32  SCV x2, Engineering Bay  
  69  5:37  SCV  
  69  5:38  Marine  
  69  5:39  Marine x2  
  73  5:44  SCV  
  74  5:51  SCV x2  
  74  5:55  Factory Tech Lab  
  74  5:56  SCV, Barracks, Marine x3  
  80  5:57  Barracks  
  80  6:01  Terran Infantry Weapons Level 1, Terran Infantry Armor Level 1  
  80  6:04  Marine  
  80  6:06  SCV x2  
  80  6:09  Medivac  
  85  6:21  Orbital Command  
  85  6:22  SCV x3, Marine x3  
  85  6:24  Medivac  
  85  6:25  Missile Turret  
  85  6:27  Missile Turret  
  85  6:34  SCV x2  
  85  6:36  Marine  
  85  6:38  Marine  
  85  6:43  Supply Depot x2  
  85  6:46  SCV x2  
  87  6:47  Barracks Reactor x2  
  87  6:52  Missile Turret  
  87  6:53  SCV  
  88  6:58  SCV x2  
  88  6:59  Missile Turret  
  90  7:03  Armory  
  90  7:04  Marine x2  
  90  7:05  SCV, Marine x2  
  90  7:07  Marine  
  95  7:10  SCV  
  95  7:12  SCV  
  97  7:17  SCV  
  97  7:22  Marine x2  
  100  7:23  SCV, Marine x2  
  100  7:24  Medivac  
  100  7:25  Marine  
  100  7:28  SCV  
  100  7:29  SCV, Marine  
  109  7:39  Missile Turret  
  109  7:40  Supply Depot x2  
  109  7:44  Missile Turret  
  109  7:46  Supply Depot  
  109  7:48  Marine x7  
  116  7:51  Marine  
  117  8:01  Medivac, Marine  
  120  8:05  Marine x3  
  120  8:07  Terran Infantry Weapons Level 2, Terran Infantry Armor Level 2  
  120  8:10  Marine x5  
  128  8:14  Siege Tank  
  128  8:15  Medivac  
  128  8:19  Marine  
  137  8:23  Marine x2  
  137  8:26  Marine  
  128  8:28  Marine  
  128  8:29  Marine x2  
  128  8:30  Marine  
  122  8:37  Command Center  
  122  8:39  Marine x2  
  111  8:41  Marine x2  
  111  8:42  SCV x3  
  111  8:44  Marine  
  111  8:46  Marine  
  111  8:47  Marine  
  119  8:50  Marine x2  
  119  8:51  Medivac x2  
  121  8:57  SCV x2  
  121  9:00  Marine x2  
  125  9:03  Marine x3  
  125  9:06  Marine, Missile Turret  
  125  9:07  Marine  
  125  9:08  Marine x2  
  125  9:09  Missile Turret  
  129  9:18  Marine x2  
  129  9:20  Supply Depot x2  
  129  9:21  Marine x3  
  129  9:23  Medivac x2  
  138  9:24  Marine x2  
  138  9:28  Marine x2  
  142  9:35  Missile Turret  
  142  9:36  Siege Tank, Marine x2  
  142  9:38  Missile Turret  
  147  9:40  Terran Vehicle Weapons Level 1  
  147  9:42  SCV x2  
  147  9:43  SCV  
  147  9:44  Marine x2  
  152  9:50  Marine x2  
  152  9:51  Marine  
  154  9:53  Medivac x2  
  154  9:54  Marine  
  154  9:57  Missile Turret  
  159  10:04  Marine x3  
  155  10:07  Marine  
  155  10:08  Marine x3  
  155  10:09  SCV x2  
  155  10:10  SCV, Planetary Fortress  
  162  10:17  Marine x2  
  164  10:22  Marine x2  
  166  10:31  Marine x2  
  166  10:32  Barracks x2  
  166  10:34  Barracks, Missile Turret  
  151  10:38  Marine  
  151  10:39  Marine x5  
  151  10:40  Marine  
  143  10:48  Terran Infantry Weapons Level 3, Terran Infantry Armor Level 3  
  143  10:49  Marine x2  
  144  10:55  Marine  
  144  10:56  Marine  
  144  10:57  Marine x4  
  140  11:00  Medivac, Siege Tank  
  140  11:01  Medivac, Marine  
  152  11:07  Marine x2  
  132  11:13  Marine  
  132  11:14  Marine x2  
  132  11:15  Marine  
  132  11:16  Ghost Academy, Factory  
  135  11:24  Marine x2  
  137  11:28  Marine x2  
  137  11:30  Marine x4  
  137  11:33  SCV x3  
  137  11:34  Marine x2  
  137  11:39  Marine x2  
  117  11:42  Marine x2  
  117  11:45  SCV x2  
  117  11:46  SCV x2, Marine x2  
  120  11:51  Marine  
  120  11:52  Marine x2  
  121  11:57  SCV, Sensor Tower  
  121  11:58  SCV x3  
  121  12:00  Missile Turret  
  125  12:01  Missile Turret  
  125  12:03  Missile Turret  
  125  12:04  Barracks Tech Lab x3, Missile Turret  
  125  12:05  Marine x5  
  127  12:10  SCV, Medivac  
  127  12:11  Medivac, Marine x3  
  127  12:14  Command Center  
  127  12:15  Siege Tank  
  138  12:24  Marauder x2  
  138  12:29  Marine x4  
  141  12:30  Marine x4  
  141  12:31  Marauder x2  
  141  12:34  SCV x3  
  152  12:41  Missile Turret  
  152  12:42  Missile Turret  
  152  12:44  Missile Turret  
  152  12:45  Marauder  
  152  12:46  Marauder  
  152  12:47  Factory Tech Lab, Marine x3  
  159  12:55  Marauder, Marine  
  158  12:59  Marauder, Marine  
  158  13:02  Marine  
  158  13:03  Marine  
  158  13:04  Marine  
  158  13:05  Medivac x2  
  155  13:07  Marauder x2  
  155  13:12  Marine  
  165  13:17  Marauder, Marine x2  
  170  13:20  Marine x3  
  170  13:21  Marine, Marauder  
  167  13:28  Marauder x2  
  167  13:30  Marine x2  
  167  13:33  Thor x2  
  171  13:35  Marine x2  
  171  13:38  Marauder  
  170  13:43  Medivac x2  
  170  13:48  Missile Turret x4  
  174  13:50  Missile Turret  
  174  13:51  Hi-Sec Auto Tracking  
  174  13:52  Missile Turret  
  174  13:53  Missile Turret  
  174  13:57  Sensor Tower  
  174  13:59  Marine x2  
  174  14:00  Marine x2  
  178  14:10  Marauder, Marine x2  
  178  14:16  Thor x2  
  190  14:28  Marauder, Marine x3  
  190  14:30  SCV x3  
  195  14:33  Planetary Fortress  
  195  14:36  SCV  
  195  14:37  Marine x5  
  195  14:38  Marine  
  196  14:41  Marine  
  196  14:44  Marine  
  191  14:46  Marine  
  191  14:47  Marine x2  
  191  14:49  Marine  
  187  14:55  Marine x6  
  187  14:59  Marine  
  186  15:04  Thor x2  
  186  15:07  Marine x3  
  197  15:11  Marauder, Marine  
  197  15:13  Marine x2  
  199  15:15  Marine x3  
  199  15:19  Missile Turret  
  200  15:22  Missile Turret  
  200  15:30  Terran Vehicle Weapons Level 2  
  200  15:31  Command Center  
  195  15:42  Ghost x2  
  189  15:49  Concussive Shells  
  190  15:56  Marine x4  
  184  16:02  Marine x2  
  184  16:03  Marine x2  
  184  16:04  Medivac  
  184  16:05  Medivac  
  184  16:07  Marine x2  
  187  16:16  Marine x6  
  167  16:20  SCV x4, Marine x3  
  167  16:21  Marine  
  167  16:25  Marine x2  
  169  16:34  Medivac, Marine x3  
  169  16:35  Medivac  
  169  16:36  Refinery  
  169  16:38  Refinery, Command Center, Marine x2  
  169  16:39  Refinery, Marine x2  
  180  16:42  Marine  
  180  16:43  Marine  
  182  16:49  Marine  
  182  16:51  Marine x2  
  182  16:52  Marine x3  
  184  16:59  Refinery  
  176  17:02  Missile Turret  
  176  17:03  Marauder, Missile Turret, Marine x2  
  176  17:04  Medivac  
  176  17:05  Missile Turret  
  182  17:13  Neosteel Armor  
  182  17:16  Marine x2  
  182  17:17  Planetary Fortress  
  182  17:18  SCV x2  
  182  17:19  SCV  
  182  17:21  SCV  
  186  17:26  Missile Turret  
  186  17:31  Marine x5  
  186  17:33  Marine  
  186  17:36  Marauder  
  186  17:37  Marauder x2  
  197  17:39  SCV x3  
  199  17:44  Marine  
  199  17:47  Siege Tank x2  
  199  17:49  Marauder, Marine x2  
  198  17:53  Medivac  
  198  17:54  Medivac  
  198  17:58  Missile Turret  
  196  18:00  Marine x2  
  196  18:01  Marauder  
  200  18:16  Refinery  
  200  18:18  Refinery  
  200  18:19  Marauder, Marine  
  197  18:21  Marauder, Marine  
  197  18:22  Marauder, Marine  
  197  18:24  Marauder, Marine x5  
  138  18:28  Orbital Command  
  138  18:36  Marine  
  138  18:38  Marine  
  138  18:40  Marine  
  142  18:42  Marine x5  
  142  18:47  Ghost x3  
  152  18:49  Ghost  
  152  18:54  Marine  
  155  18:56  Marine  
  155  18:57  Refinery, Marine  
  155  18:58  Refinery  
  157  19:16  Ghost x3, Marine x4  
  157  19:17  Marine x4  
  167  19:18  Ghost  
  173  19:34  Marine x5  
  173  19:37  Marine x3  
  166  19:45  Marauder x2, Marine  
  167  19:46  Marine  
  167  19:52  Marine x2  
  160  19:54  Marine  
  160  19:57  Marine x3  
  147  20:03  Marauder  
  147  20:05  Marauder  
  147  20:06  Marauder  
  143  20:07  Marine  
  143  20:08  Marauder  
  143  20:09  Medivac x2  
  143  20:10  Marine x2  
  143  20:12  Marine x2  
  128  20:16  SCV  
  128  20:17  SCV x3  
  133  20:27  Marine x4  
  137  20:28  SCV  
  137  20:34  Marine x2  
  137  20:35  Marine  
  140  20:36  Marine  
  140  20:40  Ghost  
  143  20:44  SCV x4, Orbital Command  
  147  20:51  SCV  
  147  20:53  Marine x2  
  147  20:56  SCV x2  
  152  21:01  Marauder, Marine  
  150  21:07  Marauder x2, Marine x2  
  150  21:09  Marine  
  157  21:15  Marine x2  
  157  21:16  Marauder  
  157  21:17  Marine  
  157  21:21  Marine  
  157  21:23  Medivac, Marauder  
  143  21:34  Ghost x2  
  143  21:35  Marine x2  
  143  21:39  Ghost  
  149  21:42  Siege Tank  
  149  21:43  Siege Tank  
  149  21:46  Personal Cloaking  
  156  22:00  Ghost  
  156  22:01  Marine x7  
  160  22:02  Ghost, Marine  
  160  22:08  Marine x2  
  168  22:14  Siege Tank  
  160  22:17  Siege Tank  
  160  22:21  Sensor Tower  
  161  22:22  Missile Turret  
  161  22:23  Marine  
  161  22:25  Missile Turret  
  161  22:29  Marine x5, Marauder x2  
  166  22:30  Marine x2  
  170  22:46  Siege Tank  
  170  22:48  Marine x4  
  170  22:49  Marine x2, Marauder  
  178  22:57  Marauder, Marine  
  181  23:07  Marauder, Marine x2  
  181  23:11  Siege Tank  
  188  23:13  Marine  
  188  23:14  Marine, Marauder  
  188  23:15  Marauder, Marine  
  186  23:23  Marauder, Marine  
  179  23:27  Marine  
  179  23:29  Marauder  
  179  23:30  Marine  
  179  23:31  Marine  
  179  23:34  Medivac x2  
  180  23:35  Marauder  
  180  23:36  Marauder  
  180  23:37  SCV x5  
  180  23:38  SCV  
  175  23:42  Marine  
  175  23:43  Marine x2  
  177  23:52  Marauder, Marine  
  180  23:56  Marauder x2, Marine x4  
  180  23:57  Marine  
  189  24:04  Marine  
  189  24:08  Marine  
  183  24:13  Marauder  
  183  24:14  Marine  
  183  24:16  Marauder  
  159  24:17  Marauder  
  159  24:20  Marine  
  159  24:21  Medivac x2, Marauder  
  159  24:22  Marine  
  165  24:29  Orbital Command  
  165  24:33  Marine x2  
  165  24:35  Marauder  
  165  24:37  Orbital Command, Marauder, Marine x4  
  165  24:38  Marine x2  
  173  24:40  Marine  
  173  24:41  Marine  
  177  24:51  Marine x2  
  176  24:54  Marine x2  
  176  24:55  Marine x2  
  176  24:56  Marine x3  
  176  24:58  Marine x2  
  176  24:59  Marine  
  186  25:05  Liberator x2  
  192  25:08  Siege Tank x2  
  192  25:09  Marine x2  
  200  25:20  Command Center  
  200  25:33  Ghost x2  
  200  25:34  Marauder, Marine  
  184  25:36  Marine x2  
  184  25:39  Marine x2  
  184  25:40  Marauder  
  190  25:48  Marine  
  191  25:51  Marine  
  191  25:56  Marauder  
  194  25:57  Marine  
  194  26:00  Marine  
  194  26:01  Marauder  
  194  26:03  Marauder  
  200  26:05  Missile Turret  
  200  26:07  Missile Turret  
  200  26:08  Missile Turret  
  200  26:12  Marine  
  200  26:13  Marauder, Marine x5  
  200  26:16  Siege Tank x2  
  200  26:17  Marauder  
  168  26:27  Marine  
  168  26:28  Marauder  
  168  26:30  Ghost  
  157  26:36  Marauder, Marine x3  
  157  26:37  Marine x2  
  157  26:38  Marauder  
  157  26:39  Marine  
  159  26:46  Marine x2  
  149  26:49  Marauder  
  151  26:54  Marine  
  151  26:57  Marauder, Marine x2  
  151  26:59  Marauder  
  151  27:00  Marauder  
  144  27:05  Medivac x2, Marine x2  
  144  27:07  Marine  
Tags
 
Add a new tag
Caveats
  • Supply blocks, unpowered buildings, or Contaminate may cause inaccurate times.
  • Supply counts are checked every 10 seconds.